 Dungeon Crawl Stone Soup version 0.23.0 (webtiles) character file.

Game seed: 3675823349733989017

65 str4t0s the Slasher (level 3, -8/33 HPs)
             Began as a Minotaur Fighter on Feb 19, 2019.
             Killed by nerve-wracking pain
             ... invoked by an orc priest
              (14 damage)
             ... on level 2 of the Dungeon.
             The game lasted 00:07:35 (1016 turns).

str4t0s the Slasher (Minotaur Fighter)              Turns: 1016, Time: 00:07:36

Health: -8/33      AC:  8    Str: 20    XL:     3   Next: 92%
Magic:  2/2        EV:  9    Int:  5    God:
Gold:   77         SH:  0    Dex: 10    Spells: 2/2 levels left

rFire    . . .     SeeInvis .   a - +0 long sword
rCold    . . .     Gourm    .   (no shield)
rNeg     . . .     Faith    .   b - +0 scale mail
rPois    .         Spirit   .   (helmet restricted)
rElec    .         Reflect  .   (no cloak)
rCorr    .         Harm     .   e - +0 pair of gloves
MR       .....                  (no boots)
Stlth    ..........             (no amulet)
HPRegen  0.11/turn              (no ring)
MPRegen  0.08/turn              (no ring)

@: no status effects
A: retaliatory headbutt, horns 2
a: no special abilities


You were on level 2 of the Dungeon.
You were not hungry.

You visited 1 branch of the dungeon, and saw 2 of its levels.

You collected 77 gold pieces.

Inventory:

Hand Weapons
 a - a +0 long sword (weapon)
Missiles
 h - 5 javelins (quivered)
Armour
 b - a +0 scale mail (worn)
 c - a +0 shield
 e - a +0 pair of gloves (worn)
Jewellery
 l - a +2 ring of intelligence {unknown}
Scrolls
 g - a scroll of immolation {unknown}
 i - 2 scrolls of identify {unknown}
 j - a scroll of fog {unknown}
 n - a scroll of remove curse {unknown}
 p - a scroll of amnesia
Potions
 d - 2 potions of might
 k - 2 potions of heal wounds {unknown}
 m - a potion of agility {unknown}
Comestibles
 f - 3 rations
 o - 3 chunks of flesh


   Skills:
 - Level 3.6 Fighting
 * Level 5.1 Long Blades
 - Level 3.7 Armour
 - Level 3.6 Shields


You had 2 spell levels left.
You didn't know any spells.
Your spell library was empty.

Dungeon Overview and Level Annotations

Branches:
Dungeon (2/15)

Altars:
Wu Jian


Innate Abilities, Weirdness & Mutations

You reflexively headbutt those who attack you in melee.
You have a pair of horns on your head.


Message History

The orc is almost dead.
The orc priest hits you with a +0 war axe.
The orc barely misses you.
You closely miss the orc priest.
The orc priest mumbles some strange prayers to Beogh against you.
Beogh smites you! The orc barely misses you. You furiously retaliate!
You headbutt the orc, but do no damage. The orc priest closely misses you.
You furiously retaliate!
You headbutt the orc priest. You closely miss the orc priest.
The orc priest is moderately wounded.
The orc hits you with a +0 falchion.
* * * LOW HITPOINT WARNING * * *
The orc priest casts a cantrip, but nothing happens.
You closely miss the orc. You headbutt the orc.
You kill the orc!
You closely miss the orc priest.
The orc priest is moderately wounded.
The orc priest mumbles some strange prayers to Beogh against you.
Pain shoots through your body!
You die...

### .)# # #.## .# ...#
### .# ##.### ##.##
###.####
##...###.#.#####......#
........###..(...).#
##...###.#.#####.####.###
...### #.# #@#..o.o..
#### ### #oo# #..#
#.......# ###...#.# ####


You could see an orc priest and an orc.

Vanquished Creatures
  An adder (D:2)
  An ooze (D:2)
  A dart slug (D:1)
  3 orcs (D:2)
  2 giant cockroaches
  8 goblins
  3 hobgoblins
  4 jackals (D:1)
  3 bats
  4 frilled lizards
  10 kobolds
  4 rats
44 creatures vanquished.

Notes
Turn   | Place    | Note
-------+----------+-------------------------------------------
     0 | D:1      | str4t0s the Minotaur Fighter began the quest for the Orb.
     0 | D:1      | Reached XP level 1. HP: 19/19 MP: 0/0
   132 | D:1      | Reached skill level 3 in Long Blades
   198 | D:1      | Reached XP level 2. HP: 24/27 MP: 1/1
   444 | D:1      | Reached skill level 4 in Long Blades
   844 | D:2      | Reached XP level 3. HP: 33/33 MP: 2/2
   954 | D:2      | Found an ornate altar of the Wu Jian Council.
  1006 | D:2      | Reached skill level 5 in Long Blades
  1016 | D:2      | Killed from afar by an orc priest

Skill      XL: |  1  2  3 |
---------------+----------+-----
Long Blades    | 3 4 5 |  5.1
Fighting       | |  3.6
Armour         | |  3.7
Shields        | |  3.6

Action                   || total
-------------------------++-------
Melee: Long sword        ||    88
       Headbutt          ||    12
  Use: Scroll            ||     1
Armor: Scale mail        ||    39
Dodge: Dodged            ||    54
Block: Shield            ||     5
       Rpst.: Long sword ||     8
